 Dungeon Crawl Stone Soup version 0.31.0-11-ge490571c62 (webtiles) character file.

Game seed: 4251533342724006186

140 qw the Skirmisher (level 5, -4/29 HPs)
             Began as a Deep Elf Hunter on Feb 3, 2024.
             Incinerated by a bombardier beetle (6 damage)
             ... with a burning spray
             ... on level 3 of the Dungeon.
             The game lasted 00:00:06 (1510 turns).

qw the Skirmisher (Deep Elf Hunter)                 Turns: 1510, Time: 00:00:07

Health: -4/29      AC: 10    Str: 10    XL:     5   Next: 2%
Magic:  7/7        EV: 16    Int: 14    God:
Gold:   55         SH:  5    Dex: 18    Spells: 4/4 levels left

rFire   . . .        a - +1 shortbow
rCold   . . .        (shield currently unavailable)
rNeg    . . .        b - +0 ring mail
rPois   .            e - +1 helmet
rElec   .            (no cloak)
rCorr   .            (no gloves)
SInv    .            f - +2 pair of boots
Will    .....        m - amulet of reflection
Stlth   +            k - +5 ring of evasion
HPRegen 0.24/turn    (no ring)
MPRegen 0.10/turn

%: reflection
@: on fire, glowing
A: no striking features
a: no special abilities


You were on level 3 of the Dungeon.
You visited 1 branch of the dungeon, and saw 3 of its levels.

You collected 55 gold pieces.


   Skills:
 - Level 1.5 Fighting
 + Level 8.4 Ranged Weapons
 - Level 2.4 Dodging
 - Level 1.2 Stealth


You had 4 spell levels left.
You didn't know any spells.
Your spell library was empty.

Inventory:

Hand Weapons
 a - a +1 shortbow (weapon)
Armour
 b - a +0 ring mail (worn)
 e - a +1 helmet (worn)
 f - a +2 pair of boots (worn)
Jewellery
 k - a +5 ring of evasion (left hand)
 m - an amulet of reflection (around neck)
Scrolls
 d - 4 scrolls of teleportation
 l - a scroll of summoning {unknown}
Potions
 c - a potion of invisibility {unknown}
 g - a potion of degeneration {unknown}
 h - a potion of heal wounds {unknown}
 i - a potion of haste {unknown}
 j - 2 potions of curing
 n - a potion of ambrosia {unknown}
 q - a potion of brilliance {unknown}

Dungeon Overview and Level Annotations

Branches:
Dungeon (3/15)

Altars:

Annotations:
D:1 2 transporters


Message History

A bombardier beetle comes into view.
You shoot an arrow.
The arrow barely misses the ribbon worm.
You shoot an arrow. The arrow hits the ribbon worm!
The ribbon worm is almost dead.
You shoot an arrow. The arrow hits the ribbon worm.
You kill the ribbon worm!
You shoot an arrow. The arrow hits the bombardier beetle.
The bombardier beetle is lightly wounded.
You shoot an arrow.
The arrow hits the bombardier beetle but does no damage.
The bombardier beetle is lightly wounded.
You shoot an arrow. The arrow hits the bombardier beetle.
The bombardier beetle is moderately wounded.
You shoot an arrow. The arrow hits the bombardier beetle.
The bombardier beetle is heavily wounded.
You shoot an arrow. The arrow hits the bombardier beetle.
The bombardier beetle is almost dead.
The bombardier beetle sprays incendiary fluid at you.
The burning spray hits you.
You are covered in liquid fire!
You shoot an arrow.
The arrow hits the bombardier beetle but does no damage.
The bombardier beetle is almost dead.
The liquid fire burns you!
You shoot an arrow. The arrow hits the bombardier beetle!
You kill the bombardier beetle!
The liquid fire burns you!
You have reached level 5!
You are on fire!
The liquid fire burns you!
You are on fire!
The liquid fire burns you!
You are on fire!
The liquid fire burns you!
You are on fire!
The liquid fire burns you!
You are on fire!
The liquid fire burns you!
You die...

######### #.......#
#.......# #.......#
#.......# #####.###
#.......########@.......
#................###.##.
#.........########
###...###.# ##.##...#
###..##.#.# ~~.~~~~~~~)~
~~~.~~~~~~~~
77~^~777~.~7


There were no monsters in sight!

Vanquished Creatures
  A bombardier beetle (D:3)
  An orc priest (D:3)
  3 adders
  2 dart slugs
  4 ribbon worms
  2 orcs (D:3)
  3 endoplasms
  A giant cockroach (D:2)
  4 hobgoblins
  3 jackals (D:1)
  5 kobolds
  A quokka (D:2)
  3 ball pythons
  2 bats (D:3)
  5 frilled lizards
  4 rats (D:2)
44 creatures vanquished.

Notes
Turn   | Place    | Note
-------+----------+-------------------------------------------
     0 | D:1      | qw the Deep Elf Hunter began the quest for the Orb.
     0 | D:1      | Reached XP level 1. HP: 12/12 MP: 3/3
     0 | D:1      | 0 ||| qw: Version: 0.3-a-157-g843a77d
     0 | D:1      | 0 ||| qw: Game counter: 3757
     0 | D:1      | 0 ||| qw: Melee chars always use a shield: true
     0 | D:1      | 0 ||| qw: God list: Okawaru
     0 | D:1      | 0 ||| qw: Allow faded altars: false
     0 | D:1      | 0 ||| qw: Do Orc after clearing Dungeon:15 true
     0 | D:1      | 0 ||| qw: Do second Lair branch before Depths: true
     0 | D:1      | 0 ||| qw: Lair rune preference: random
     0 | D:1      | 0 ||| qw: Goals: Normal
     0 | D:1      | 0 ||| PLANNING D:1-11
   618 | D:1      | 618 ||| UPGRADING to +2 pair of boots.
   623 | D:1      | 623 ||| DROPPING amulet of magic regeneration.
   624 | D:1      | 624 ||| UPGRADING to +5 ring of evasion.
   625 | D:1      | 625 ||| READING 2 scrolls labelled CUKUDUAFEI.
   629 | D:1      | 629 ||| READING scroll labelled UBRAKA WIAK.
   630 | D:1      | 630 ||| READING scroll labelled JAZOBA BUADAUX.
   631 | D:1      | 631 ||| DROPPING scroll of butterflies.
   659 | D:2      | Reached skill level 6 in Ranged Weapons
   659 | D:2      | Reached XP level 2. HP: 16/16 MP: 4/4
   759 | D:2      | Reached XP level 3. HP: 20/20 MP: 5/5
   774 | D:2      | Found a faded altar of an unknown god.
   914 | D:2      | Reached skill level 7 in Ranged Weapons
  1060 | D:2      | 1060 ||| UPGRADING to +0 ring mail.
  1086 | D:2      | 1086 ||| DROPPING +0 leather armour.
  1087 | D:2      | 1087 ||| UPGRADING to +0 helmet.
  1175 | D:2      | 1175 ||| UPGRADING to amulet of reflection.
  1180 | D:2      | 1180 ||| READING scroll labelled ECKU TECSA.
  1180 | D:2      | 1180 ||| ENCHANTING +0 shortbow.
  1181 | D:2      | 1181 ||| READING scroll labelled WOEFEP AFIL SIT.
  1181 | D:2      | 1181 ||| ENCHANTING +0 helmet.
  1182 | D:2      | 1182 ||| READING scroll labelled BAETEHA VUEDGHEIWYP.
  1283 | D:2      | 1283 ||| DRINKING 3 brown potions.
  1303 | D:3      | 1303 ||| STAIRDANCE
  1385 | D:3      | Reached XP level 4. HP: 25/25 MP: 6/6
  1455 | D:3      | Reached skill level 8 in Ranged Weapons
  1506 | D:3      | Reached XP level 5. HP: 16/29 MP: 7/7
  1507 | D:3      | HP: 7/29 [burnt (4)]
  1509 | D:3      | HP: 2/29 [burnt (3)]
  1510 | D:3      | Incinerated by a bombardier beetle

Levels and vault maps discovered:
D:1:      spicycebolla_arrival_transporter_tutorial, layout_loops_cross
D:2:      layout_rooms, ebering_ecumenical_altar_petrified,
          nicolae_concentric_dashed_squares_mild, minmay_tetromino_l4
D:3:      layout_loops_cross, kennysheep_boxes

Skill      XL: |  1  2  3  4 |
---------------+-------------+-----
Ranged Weapons | 6 7 8 |  8.4
Fighting       | |  1.5
Dodging        | |  2.4
Stealth        | |  1.2

Action                     |  1- 3 |  4- 6 || total
---------------------------+-------+-------++-------
   Fire: Shortbow          |   119 |    34 ||   153
    Use: Scroll            |     6 |       ||     6
         Potion            |     1 |       ||     1
 Armour: Leather armour    |    10 |       ||    10
         Ring mail         |     5 |     7 ||    12
  Dodge: Dodged            |    61 |     7 ||    68
  Block: Other             |     1 |     2 ||     3

Table legend:
 A = Non-vault XP
 B = Vault XP
 C = Vault XP percentage of total XP
 D = Non-vault monster count
 E = Vault monster count
 F = Vault count percentage of total count
                 A         B        C        D         E       F
            +---------+---------+-------+---------+---------+-------
      Total |     195 |       6 |   3.0 |      40 |       4 |   9.1
            +---------+---------+-------+---------+---------+-------
        D:1 |       9 |       0 |   0.0 |       5 |       0 |   0.0
        D:2 |      59 |       6 |   9.2 |      19 |       4 |  17.4
        D:3 |     127 |       0 |   0.0 |      16 |       0 |   0.0
            +---------+---------+-------+---------+---------+-------
